 Dungeon Crawl Stone Soup version 0.29-a0-550-g81e455f4c2 (webtiles) character file.

Game seed: 2594952517898395335

359 Lekart the Skirmisher (level 6, -4/56 HPs)
             Began as a Draconian Delver on June 5, 2022.
             Slain by a scorpion (5 damage)
             ... on level 6 of the Dungeon.
             The game lasted 00:02:34 (1387 turns).

Lekart the Skirmisher (Draconian Delver)            Turns: 1387, Time: 00:02:35

Health: -4/56      AC:  6    Str: 14    XL:     6   Next: 37%
Magic:  6/6        EV: 13    Int: 11    God:
Gold:   40         SH:  0    Dex: 14    Spells: 5/5 levels left

rFire   . . .      SeeInvis .   e - +2 whip (venom)
rCold   . . .      Faith    .   (no shield)
rNeg    . . .      Spirit   .   (body armour unavailable)
rPois   .          Reflect  .   (helmet restricted)
rElec   .          Harm     .   (no cloak)
rCorr   .          Rampage  .   (no gloves)
Will    .....                   (no boots)
Stlth   +++.......              (no amulet)
HPRegen 0.18/turn               (no ring)
MPRegen 0.10/turn               (no ring)

@: no status effects
A: AC +6, unfitting armour, cold-blooded
a: no special abilities


You were on level 6 of the Dungeon.
You visited 1 branch of the dungeon, and saw 3 of its levels.

You collected 40 gold pieces.

Inventory:

Hand Weapons
 a - a +0 falchion
 e - a +2 whip of venom (weapon)
Wands
 f - a wand of digging (3)
Scrolls
 b - a scroll of fog
 c - a scroll of magic mapping


   Skills:
 + Level 5.1 Fighting
 + Level 4.7 Long Blades
 + Level 0.6 Maces & Flails
 + Level 3.3 Dodging
 - Level 4.5 Stealth


You had 5 spell levels left.
You didn't know any spells.
Your spell library was empty.

Dungeon Overview and Level Annotations

Branches:
Dungeon (7/15)
 Temple: D:4-7

Altars:


Innate Abilities, Weirdness & Mutations

Your plain brown scales are hard. (AC +6)
You cannot fit into any form of body armour.
You are cold-blooded and may be slowed by cold attacks.


Message History

You hit the jelly.
You kill the jelly!
Cornered, the adder turns to fight!
Okay, then.
You aren't carrying any potions.
Okay, then.
The adder barely misses you. The adder closely misses you.
You hit the adder.
The adder is lightly wounded.
The adder bites you.
* * * LOW HITPOINT WARNING * * *
You barely miss the adder.
The adder is lightly wounded.
The adder bites you but does no damage. The adder bites you.
* * * LOW HITPOINT WARNING * * *
You closely miss the adder.
The adder is lightly wounded.
The adder bites you but does no damage.
You hit the adder.
The adder is heavily wounded.
The adder misses you.
You barely miss the adder.
The adder is heavily wounded.
The adder bites you.
* * * LOW HITPOINT WARNING * * *
The adder bites you.
* * * LOW HITPOINT WARNING * * *
You barely miss the adder.
The adder is heavily wounded.
The adder bites you but does no damage.
You hit the adder.
The adder is poisoned.
The adder is severely wounded.
You are no longer corroded.
The adder closely misses you. The adder bites you.
* * * LOW HITPOINT WARNING * * *
You open the door.
An orc and a black bear come into view.
The scorpion seems to regain its courage.
The scorpion stings you.
You die...

##.#..
#..#..
#.##)< .
#.###+ ..
#.# $$#
#+# #.#
#$. #.#
#.#
#$..#S#
#.#.
#.o'@#
#.#.##
....h##s#
#.#...
... #.#
#.#... #
#.#
#.#...
####'###
#.# #
#......#
#.####
#..$...#
#.....
#..##..#
#.....
#.$ #..#
#....#


You could see a black bear (asleep), a scorpion, an adder (very poisoned) and an
orc (asleep).

Vanquished Creatures
  A black bear (D:7)
  2 bullfrogs
  A necrophage (D:7)
  A jelly (D:6)
  An adder (D:6)
  An ufetubus (D:6)
  6 orcs
13 creatures vanquished.

Vanquished Creatures (others)
  An orc wizard (D:5)
1 creature vanquished.

Grand Total: 14 creatures vanquished

Notes
Turn   | Place    | Note
-------+----------+-------------------------------------------
     0 | D:5      | Lekart the Draconian Delver began the quest for the Orb.
     0 | D:5      | Reached XP level 1. HP: 19/19 MP: 1/1
    15 | D:5      | Noticed an orc wizard
    15 | D:5      | Noticed an orc wizard
    15 | D:5      | Noticed an orc wizard
    17 | D:5      | Noticed a necrophage
    28 | D:5      | Killed an orc wizard
    29 | D:5      | Reached XP level 2. HP: 14/27 MP: 2/2
    52 | D:6      | Reached XP level 3. HP: 12/33 MP: 3/3
   368 | D:6      | Reached skill level 4 in Fighting
   835 | D:6      | Noticed a bullfrog
   835 | D:6      | Noticed an orc warrior
   844 | D:6      | Killed a bullfrog
   845 | D:6      | Reached XP level 4. HP: 17/41 MP: 4/4
  1032 | D:7      | Noticed a necrophage
  1033 | D:7      | Noticed a black bear
  1042 | D:7      | Killed a black bear
  1043 | D:7      | Reached XP level 5. HP: 30/47 MP: 5/5
  1186 | D:7      | Reached skill level 5 in Fighting
  1186 | D:7      | Reached XP level 6. HP: 39/56 MP: 6/6
  1351 | D:7      | Noticed a hellwing
  1384 | D:6      | HP: 2/56 [adder (1)]
  1387 | D:6      | Slain by a scorpion

Illustrated notes

Levels and vault maps discovered:
D:5:      black_bear_nest_1, layout_rooms, gammafunk_temple_overflow_pools,
          serial_shops, shop, uniq_menkaure
D:6:      minmay_polygon_palace, layout_basic, lemuel_blue_sif_altar,
          minmay_temple_entry_enclosed_plants, serial_glass, glass_columns_a,
          glass_columns_a, glass_columns_b, glass_columns_a, glass_columns_c,
          glass_columns_a, glass_columns_a, glass_columns_b, glass_columns_a,
          glass_columns_b, due_unseen_surprise, minmay_strange_pillars
D:7:      cheibrodos_grave_circle, layout_basic, kennysheep_mini_moat,
          kennysheep_little_box, nicolae_kikubaaqudgha_miasma_corner,
          nicolae_wu_jian_wuxing_cycle, grunt_ministairs_5,
          nrook_mini_backslash, serial_bayou_ford_a, uniq_duvessa

Skill      XL: |  1  2  3  4  5 |
---------------+----------------+-----
Dodging        | 2 3 |  3.3
Fighting       | 4 5 |  5.1
Long Blades    | 3 4 |  4.7
Maces & Flails | |  0.6
Stealth        | |  4.5

Action                   |  1- 3 |  4- 6 || total
-------------------------+-------+-------++-------
Melee: Falchion          |    41 |       ||    41
       Tailslap          |     5 |    10 ||    15
       Whip              |     2 |    37 ||    39
       Punch             |       |     1 ||     1
  Use: Potion            |     2 |       ||     2
       Scroll            |     1 |     1 ||     2
 Stab: Sleeping          |     1 |     1 ||     2
Armor: Skin              |    21 |    14 ||    35
Dodge: Dodged            |    42 |    26 ||    68

Table legend: (Time is in decaauts)
 A = Elapsed time spent in this place.
 B = Non-inter-level travel time spent in this place.
 C = Inter-level travel time spent in this place.
 D = Time resting spent in this place.
 E = Time spent auto-exploring this place.
 F = Levels seen in this place.
 G = Mean time per level.
                   A        B        C        D        E       F      G
               +--------+--------+--------+--------+--------+-----+--------+
         Total |   1377 |   1377 |      0 |    853 |    283 |   3 |  459.0 |
       Dungeon |   1377 |   1377 |      0 |    853 |    283 |   3 |  459.0 |
               +--------+--------+--------+--------+--------+-----+--------+

Top non-repeatable levels by time:
     D:6: 828 daAuts
     D:7: 510 daAuts
     D:5: 38 daAuts
